AoeStats
← agusvr3051n

Arabia

510148545Analyzed
1v1 RM · 2d ago on Sep 29, 2026· 29m 34s· 2 players
Game mode
Random Map
Map size
Tiny (2 player)
Population
200
Speed
Normal
Resources
Standard
Victory
Conquest
Starting age
Dark Age
Ending age
Imperial Age
RankedLock teamsTeams togetherTeam positionsShared explorationLock speedFull tech treeHidden civsTurbo modeCheats
Victory
Defeat
🇦🇷 Cumans · Argentina
849
+16
🇩🇪 Britons · Germany
846
-16
jneas
15:09 Feudal Age
16:39 Loom
19:01 Castle Age
16:58 Double-Bit Axe
16:55 Horse Collar
20:52 Heavy Plow
25:28 Pikeman
26:26 Forging
26:16 Scale Mail Armor
26:24 Scale Barding Armor
29:33 Scale Mail Armor
agusvr3051n
6:15 Loom
10:23 Feudal Age
16:31 Double-Bit Axe
16:27 Horse Collar
17:24 Padded Archer Armor
17:15 Fletching
18:53 Gold Mining
22:26 Castle Age
22:05 Stone Mining
22:27 Bloodlines
23:06 Forging
24:31 Scale Barding Armor
Connection lost

Rejoining the realm…

Still unreachable

The connection could not be restored.

Session expired

The server has moved on; the page needs a fresh start.